 Dungeon Crawl Stone Soup version 0.23.2-40-g277498a (webtiles) character file.

Game seed: 2755844971453697827

562 CrazyJ the Caller (level 7, -6/56 (57) HPs)
             Began as a Purple Draconian Summoner on Sept 16, 2019.
             Mangled by an ogre
             ... wielding a +0 giant club
              (23 damage)
             ... on level 4 of the Dungeon.
             The game lasted 00:29:29 (5218 turns).

CrazyJ the Caller (Purple Draconian Summoner)       Turns: 5218, Time: 00:29:30

HP:   -6/56 (57)    AC:  8    Str: 10    XL:     7   Next: 10%
MP:   10/13         EV: 13    Int: 18    God:
Gold: 195           SH:  0    Dex: 11    Spells: 1/14 levels left

rFire    . . .     SeeInvis .   I - +2 quarterstaff (distort)
rCold    . . .     Gourm    .   (shield currently unavailable)
rNeg     . . .     Faith    .   (armour unavailable)
rPois    .         Spirit   .   (helmet restricted)
rElec    .         Reflect  .   w - +0 cloak
rCorr    .         Harm     .   n - +0 pair of gloves
MR       +....                  (no boots)
Stlth    ++........             x - amulet of regeneration
HPRegen  0.58/turn              (no ring)
MPRegen  0.13/turn              (no ring)

@: no status effects
A: breathe power, unfitting armour, cold-blooded, AC +6
a: Breathe Dispelling Energy


You were on level 4 of the Dungeon.
You were not hungry.

You visited 1 branch of the dungeon, and saw 4 of its levels.
You also visited: Sewer.

You collected 195 gold pieces.

Inventory:

Hand Weapons
 d - a +1 short sword of holy wrath
 e - a +0 blowgun
 t - a +0 hunting sling
 z - a +2 dagger of speed
 A - a +1 vampiric whip
 E - a +1 dagger of venom
 I - a +2 quarterstaff of distortion (weapon)
Missiles
 h - 43 poisoned needles
 r - 86 stones (quivered)
 F - 2 javelins
Armour
 n - a +0 pair of gloves (worn)
 w - a +0 cloak (worn)
Jewellery
 s - an uncursed amulet of faith
 x - an amulet of regeneration (around neck)
Scrolls
 a - 4 scrolls of identify
 c - a scroll of teleportation
 j - 2 scrolls of immolation
 m - a scroll of random uselessness {unknown}
 q - a scroll of magic mapping
 u - 2 scrolls of fog {unknown}
 v - 2 scrolls of fear {unknown}
 y - 2 scrolls of enchant armour {unknown}
Potions
 f - a potion of cancellation {unknown}
 g - 2 potions of mutation {unknown}
 i - 2 potions of degeneration {unknown}
 k - a potion of ambrosia {unknown}
 l - 5 potions of curing {unknown}
 o - 2 potions of flight {unknown}
 p - 3 potions of brilliance {unknown}
 B - a potion of agility {unknown}
 C - a potion of might {unknown}
 D - 5 potions of heal wounds {unknown}
 G - a potion of haste {unknown}
Comestibles
 b - 12 rations
 H - 7 chunks of flesh


   Skills:
 + Level 3.1 Fighting
 + Level 0.5 Staves
 + Level 3.3 Dodging
 - Level 1.7 Stealth
 + Level 4.2 Spellcasting
 + Level 1.7 Hexes
 * Level 6.2 Summonings
 + Level 0.0 Ice Magic


You had one spell level left.
You knew the following spells:

 Your Spells              Type           Power        Failure   Level  Hunger
a - Summon Small Mammal   Summ           ####         1%          1    None
b - Call Imp              Summ           ####....     1%          2    ##.....
c - Call Canine Familiar  Summ           ####....     3%          3    ###....
d - Summon Guardian Gole  Hex/Summ       ###.....     9%          3    ###....
e - Summon Ice Beast      Ice/Summ       ###.....     36%         4    ####...

Your spell library contained the following spells:

 Spells                   Type           Power        Failure   Level  Hunger
 Summon Lightning Spire   Summ/Air       ###.....     36%         4    ####...


Dungeon Overview and Level Annotations

Branches:
Dungeon (4/15)
 Temple: D:4-7

Altars:
Elyvilon
Wu Jian
Xom
Zin
The Shining One

Shops:
D:4 ?

Annotations:
D:3 2 transporters


Innate Abilities, Weirdness & Mutations

You can breathe bolts of dispelling energy.
Your rich purple scales are hard. (AC +6)
You cannot fit into any form of body armour.
You are cold-blooded and may be slowed by cold attacks.


Message History

Things that are here:
a +0 hand axe; an orc corpse You butcher the orc corpse.
Your hound completely misses the ogre.
The ogre hits your hound with a +0 giant club!!
Your hound dies!
Your hound's corpse disappears in a puff of smoke!
Things that are here:
a +0 hand axe; 3 chunks of flesh; an orc skeleton The ogre hits you with a +0 giant club!!
You completely miss the ogre.
The ogre is heavily wounded.
The ogre hits you with a +0 giant club!!
* * * LOW HITPOINT WARNING * * *
Casting: Call Canine Familiar (safe; 3% risk of failure)
Confirm with . or Enter, or press ? or * to list all spells.
Okay, then.
Casting: Call Canine Familiar (safe; 3% risk of failure)
Confirm with . or Enter, or press ? or * to list all spells.
The ogre hits you with a +0 giant club!!
You die...

...##########.##....##.#
#### ..............#
##.####....#### #.
#....# (# # #....## .. .
#.....# .#.##. #.###.#
.#.#. #O# .# ....#
########@###.# .#..#
.............# .#..#
#.######h.#### ..#.#
#..# .#.[# #..#
.##.#####.# #..#
........... .).#
.################.#
.......<....... .#


You could see an ogre and a friendly hound.

Vanquished Creatures
  An ogre (D:4)
  4 adders
  An adder skeleton (D:4)
  A worm (D:3)
  A dart slug (D:4)
  2 leopard geckos
  9 orcs
  6 bats
  6 giant cockroaches
  11 hobgoblins
  2 jackals (D:3)
  3 quokkas
  5 ball pythons (Sewer)
  5 frilled lizards
  6 goblins
  8 kobolds
  18 rats
89 creatures vanquished.

Vanquished Creatures (collateral kills)
  Blork the orc (D:4)
  A big kobold (Sewer)
  A howler monkey (D:4)
  A hound (D:4)
  Terence (D:2)
  8 adders
  7 river rats
  A worm (D:2)
  2 dart slugs (D:1)
  A leopard gecko (D:3)
  2 orcs (D:4)
  4 bats
  3 giant cockroaches
  A goblin (D:3)
  A hobgoblin (D:1)
  11 kobolds
  A ball python (Sewer)
  A frilled lizard (Sewer)
  12 rats
60 creatures vanquished.

Vanquished Creatures (others)
  A necrophage (D:4)
1 creature vanquished.

Grand Total: 150 creatures vanquished

Notes
Turn   | Place    | Note
-------+----------+-------------------------------------------
     0 | D:1      | CrazyJ the Draconian Summoner began the quest for the Orb.
     0 | D:1      | Reached XP level 1. HP: 14/14 MP: 3/3
     2 | D:1      | Noticed a demigod
     4 | D:1      | Noticed a draconian
     4 | D:1      | Noticed a troll
     6 | D:1      | Noticed a vine stalker
     8 | D:1      | Noticed a formicid
     8 | D:1      | Noticed a demonspawn
    10 | D:1      | Noticed a minotaur
    10 | D:1      | Noticed a dwarf
    12 | D:1      | Noticed a spriggan
    12 | D:1      | Noticed a naga
    14 | D:1      | Noticed an octopode
    14 | D:1      | Noticed a human
    16 | D:1      | Noticed a vampire
    18 | D:1      | Noticed a tengu
    18 | D:1      | Noticed a ghoul
    20 | D:1      | Noticed an elf
    20 | D:1      | Noticed a centaur
    22 | D:1      | Noticed an ogre
    22 | D:1      | Noticed a merfolk
    24 | D:1      | Noticed a halfling
    27 | D:1      | Noticed a gargoyle
    27 | D:1      | Noticed a felid
   671 | D:1      | Reached XP level 2. HP: 19/20 MP: 5/5
  1367 | D:1      | Learned a level 2 spell: Call Imp
  1525 | D:1      | Reached XP level 3. HP: 27/27 MP: 6/6
  1750 | D:2      | Found a shimmering altar of Xom.
  1853 | D:2      | Reached skill level 1 in Fighting
  1885 | D:2      | Learned a level 3 spell: Call Canine Familiar
  1956 | D:2      | Noticed Terence
  1968 | D:2      | Killed Terence
  2372 | D:2      | Reached XP level 4. HP: 33/35 MP: 2/7
  2929 | D:3      | Found an ornate altar of the Wu Jian Council.
  3022 | D:3      | Reached skill level 5 in Summonings
  3234 | D:3      | Found a glowing drain.
  3241 | Sewer    | Entered a sewer
  3306 | Sewer    | Noticed a big kobold
  3315 | Sewer    | Killed a big kobold
  3315 | Sewer    | Reached XP level 5. HP: 36/41 MP: 1/9
  3994 | D:3      | Found a transporter.
  4017 | D:3      | Found a transporter.
  4380 | D:4      | Learned a level 3 spell: Summon Guardian Golem
  4637 | D:4      | Found Lakosapt's Magic Scroll Shoppe.
  4718 | D:4      | Found a white marble altar of Elyvilon.
  4718 | D:4      | Found a glowing golden altar of the Shining One.
  4718 | D:4      | Found a glowing silver altar of Zin.
  4770 | D:4      | Reached XP level 6. HP: 48/50 MP: 10/10
  4852 | D:4      | Noticed Blork the orc
  4895 | D:4      | Killed Blork the orc
  4895 | D:4      | Reached skill level 1 in Hexes
  4895 | D:4      | Reached skill level 6 in Summonings
  5132 | D:4      | Your scales start taking on a rich purple colour.
  5132 | D:4      | Reached XP level 7. HP: 52/56 MP: 10/13
  5139 | D:4      | Learned a level 4 spell: Summon Ice Beast
  5218 | D:4      | Mangled by an ogre

Skill      XL: |  1  2  3  4  5  6 |
---------------+-------------------+-----
Dodging        | 2 3 |  3.3
Fighting       | 1 2 3 |  3.1
Summonings     | 5 6 |  6.2
Spellcasting   | 3 4 |  4.2
Hexes          | 1 |  1.7
Staves         | |  0.5
Stealth        | |  1.7

Action                   |  1- 3 |  4- 6 |  7- 9 || total
-------------------------+-------+-------+-------++-------
Melee: Club              |   126 |       |       ||   126
       Unarmed           |    10 |       |       ||    10
       Tailslap          |    14 |    28 |     2 ||    44
       Hand axe          |    22 |   107 |       ||   129
       Dagger            |       |    76 |       ||    76
       Short sword       |       |    13 |       ||    13
       Quarterstaff      |       |     8 |    13 ||    21
 Cast: Summon Small Mamm |     7 |       |       ||     7
       Call Imp          |     7 |    22 |       ||    29
       Call Canine Famil |     3 |    21 |     2 ||    26
  Use: Scroll            |     1 |     4 |       ||     5
 Stab: Distracted        |       |     2 |       ||     2
       Sleeping          |       |     2 |       ||     2
  Eat: Chunk             |     5 |    10 |       ||    15
       Ration            |       |     1 |       ||     1
Armor: Skin              |    93 |    73 |     6 ||   172
Dodge: Dodged            |   176 |   185 |    18 ||   379
